 Dungeon Sprint DCSS version 0.30.0-29-ga12c61a403 (webtiles) character file.

Game seed: 267985036637414760

800000 Revguard the Ducker (level 1, -9/16 HPs)
             Began as a Demonspawn Gladiator on June 7, 2023.
             Was an Initiate of Makhleb.
             Mangled by a meat berserker
             ... wielding a +9 battleaxe
              (25 damage)
             ... in the Dungeon (Sprint VIII: "Arena of Blood").
             The game lasted 00:00:21 (8 turns).

Revguard the Ducker (Demonspawn Gladiator)             Turns: 8, Time: 00:00:22

Health: -9/16      AC:  4    Str: 14    XL:     1   Next: 0%
Magic:  1/1        EV: 12    Int:  9    God:    Makhleb [......]
Gold:   0          SH:  0    Dex: 14    Spells: 0/0 levels left

rFire   . . .        l - +∞ Axe of Woe
rCold   . . .        (shield currently unavailable)
rNeg    . . .        b - +0 leather armour
rPois   .            c - +0 helmet
rElec   .            (no cloak)
rCorr   .            (no gloves)
SInv    .            (no boots)
Will    .....        (no amulet)
Stlth   +            (no ring)
HPRegen 0.22/turn    (no ring)
MPRegen 0.07/turn

%: no teleportation
@: no status effects
A: no striking features
a: Renounce Religion


You were in the Dungeon.
You worshipped Makhleb.
Makhleb was noncommittal.
You visited 1 branch

Inventory:

Hand Weapons
 a - a +0 war axe
 l - the +∞ Axe of Woe (weapon)
   (You found it in the Dungeon)
Missiles
 d - 3 throwing nets (quivered)
 e - a javelin
Armour
 b - a +0 leather armour (worn)
 c - a +0 helmet (worn)
Scrolls
 k - a scroll of blinking
Potions
 f - a potion of curing
 g - a potion of heal wounds
 h - a potion of haste
 i - 2 potions of magic
 j - a potion of berserk rage


   Skills:
 + Level 2.0 Fighting
 + Level 2.6 Axes
 - Level 1.7 Throwing
 + Level 0.0 Armour
 + Level 2.6 Dodging
 + Level 0.0 Invocations
 + Level 0.0 Evocations


You couldn't memorise any spells.
You didn't know any spells.
Your spell library was empty.

Dungeon Overview and Level Annotations

Branches:
Dungeon (1/1)

Altars:
Makhleb


Message History

------------------------------------------------------------------------------ ------------------------------------------------------------------------------ -- -- -- The Arena Of Blood -- -- -- -- -- -- -- -- You descend into the pit of gibs and meat, -- -- The sunken abyss of the depraved, -- -- The mill of turgid gutspawn. -- -- The writhen instruments serve in adoration, -- -- Immured beneath a rotten throne. -- -- -- -- Before you lies the servitor of chaos, -- -- The cleaver, -- -- The blasphemer, -- -- The destroyer, -- -- The Axe of Woe. -- -- -- -- Vessel of Makhleb, -- -- You are the unmaker, -- -- You bring the rapture, -- -- The murmurs of the thralls rise... -- -- The theatre of blood begins. -- -- -- ------------------------------------------------------------------------------ ------------------------------------------------------------------------------ Welcome, Revguard the Demonspawn Gladiator.
Press ? for a list of commands and other information.
Found the +∞ Axe of Woe.
Found four burning altars of Makhleb.
Found a staircase leading out of the dungeon.
l - the +∞ Axe of Woe (weapon)
Unknown command.
Okay, then.
You hear a shout! x6
You hear a shout! x11
There is a burning altar of Makhleb here.
You kneel at the altar of Makhleb.
Makhleb welcomes you!
The meat berserker appears out of thin air!
A meat berserker comes into view. It is wielding a +9 battleaxe.
You hear a shout! x8
You hear a shout! x7
You hear a shout! x5
The meat berserker appears out of thin air!
A meat berserker comes into view. It is wielding a +9 battleaxe.
The meat berserker shouts!
You hear a shout! x13
You hear a shout! x12
You slash the meat berserker!
You cleave the meat berserker in twain.
You kill the meat berserker!
Makhleb accepts your kill.
You hear a shout! x4
The meat berserker hits you with a +9 battleaxe!!
Ouch! That really hurt!
You die...

.. .. .. .. #.
.# #.. ..#
.###.. ..###.
......###......
......O@.......
....#.....#....
. #_.<._# .
#.....#
....._.....
......###......
.###.. ..###.
#.. ..# #.. ..#


You could see a meat berserker (berserk).

Vanquished Creatures
  An ogre (D)
1 creature vanquished.

Notes
Turn   | Place    | Note
-------+----------+-------------------------------------------
     0 | D        | Found the +∞ Axe of Woe
     0 | D        | Revguard the Demonspawn Gladiator began the quest for the
                  | Orb.
     0 | D        | Reached XP level 1. HP: 16/16 MP: 1/1
     3 | D        | Became a worshipper of Makhleb the Destroyer
     4 | D        | Noticed a meat berserker
     6 | D        | Noticed a meat berserker
     8 | D        | Killed a meat berserker
     8 | D        | Mangled by a meat berserker

Illustrated notes

Levels and vault maps discovered:
D:        meatsprint

Action                     || total
---------------------------++-------
  Melee: Executioner's axe ||     1
